 Dungeon Crawl Stone Soup version 0.27-a0-836-gfc908b8576 (webtiles) character file.

Game seed: 11452221180442620556

16517 tilp the Basher (level 12, -4/132 HPs)
             Began as an Ogre Warper on Apr 1, 2021.
             Was a Priest of Nemelex Xobeh.
             Slain by an orc warrior
             ... wielding a +0 flail
             ... led by an orc knight
              (15 damage)
             ... on level 1 of the Orcish Mines.
             The game lasted 00:34:01 (20514 turns).

tilp the Basher (Ogre Warper)                      Turns: 20514, Time: 00:34:02

Health: -4/132     AC: 10    Str: 18    XL:     12   Next: 38%
Magic:  15/18      EV: 10    Int: 18    God:    Nemelex Xobeh [***...]
Gold:   697        SH:  0    Dex:  8    Spells: 11/19 levels left

rFire    . . .     SeeInvis .   a - +0 flail (drain)
rCold    . . .     Faith    .   (no shield)
rNeg     . . .     Spirit   .   z - +0 steam dragon scales
rPois    .         Reflect  .   (helmet restricted)
rElec    .         Harm     .   f - scarf {+Inv}
rCorr    .         Rampage  .   (gloves unavailable)
Will     +....                  (boots unavailable)
Stlth    ++........             (no amulet)
HPRegen  0.32/turn              g - +4 ring of slaying
MPRegen  0.16/turn              I - +4 ring of protection

@: studying 2 skills
A: large, unfitting armour, tough skin 1
a: Renounce Religion, Evoke Invisibility, Draw Escape, Draw Destruction, Draw
Summoning, Triple Draw


You were on level 1 of the Orcish Mines.
You worshipped Nemelex Xobeh.
Nemelex Xobeh was most pleased with you.
You visited 3 branches of the dungeon, and saw 14 of its levels.
You also visited: Bailey.

You collected 817 gold pieces.
You spent 120 gold pieces at shops.

Inventory:

Hand Weapons
 a - a +0 flail of draining (weapon)
 b - a +4 flail
 y - the +3 rapier of Twilight {venom, Will++ Str-4 Int+3}
   (You found it on level 4 of the Dungeon)

   It poisons the flesh of those it strikes.
   It affects your strength (-4).
   It affects your intelligence (+3).
   It greatly increases your willpower.
 N - a +1 executioner's axe of flaming
 O - a +0 giant spiked club
Missiles
 c - 352 stones
 e - 15 boomerangs of dispersal {!f}
 m - 20 javelins
 n - 13 boomerangs (quivered)
 p - 7 throwing nets {!f}
 J - 6 poisoned darts
Armour
 f - a scarf of invisibility (worn)
 z - +0 steam dragon scales (worn)
 K - a +0 troll leather armour
Jewellery
 g - a +4 ring of slaying (left hand)
 s - a +4 ring of evasion
 C - a ring of protection from fire
 G - a ring of willpower
 I - a +4 ring of protection (right hand)
Wands
 o - a wand of random effects (6)
 x - a wand of flame (24)
Scrolls
 i - a scroll of enchant armour {unknown}
 j - a scroll of silence {unknown}
 k - 5 scrolls of immolation
 l - a scroll of noise {unknown}
 q - a scroll of holy word {unknown}
 r - a scroll of summoning {unknown}
 v - a scroll of amnesia
 w - a scroll of fog {unknown}
 A - 4 scrolls of enchant weapon {unknown}
 H - a scroll of teleportation
Potions
 h - a potion of lignification
 t - a potion of resistance
 u - a potion of heal wounds
 B - 2 potions of brilliance
 D - a potion of attraction {unknown}
 F - 2 potions of curing
 L - a potion of might {unknown}
 M - a potion of experience {unknown}
 P - a potion of berserk rage


   Skills:
 - Level 12.0 Fighting
 * Level 13.5 Maces & Flails
 - Level 1.0 Throwing
 - Level 4.0 Dodging
 - Level 2.0 Stealth
 - Level 4.0 Spellcasting
 - Level 6.0 Translocations
 - Level 4.0 Invocations
 - Level 4.0 Evocations


You had 11 spell levels left.
You knew the following spells:

 Your Spells              Type           Power      Damage    Failure   Level
a - Blink                 Tloc           N/A        N/A       1%          2
b - Lesser Beckoning      Tloc           12%        N/A       3%          3
c - Teleport Other        Tloc           25%        N/A       3%          3

Your spell library contained the following spells:

 Spells                   Type           Power      Damage    Failure   Level
 Gell's Gravitas          Tloc           12%        N/A       3%          3
 Magic Dart               Conj           12%        1d3       14%         1
 Searing Ray              Conj           6%         3d3       22%         2
 Manifold Assault         Tloc           25%        N/A       34%         5
 Iskenderun's Mystic Bla  Conj/Tloc      14%        2d5       38%         4
 Dazzling Flash           Conj/Hex       6%         N/A       41%         3
 Fulminant Prism          Conj/Hex       1%         3d6       82%         4


Dungeon Overview and Level Annotations

Branches:
Dungeon (11/15)            Temple (1/1) D:4            Lair (0/6) D:11
    Orc (2/2) D:9          Bailey (visited)
    Elf: Orc:2

Altars:
Ashenzari
Cheibriados
Dithmenos
Elyvilon
Fedhas
Gozag
Hepliaklqana
Kikubaaqudgha
Makhleb
Nemelex Xobeh
Okawaru
Qazlal
Ru
Sif Muna
Trog
Uskayaw
Vehumet
Wu Jian
Xom
Yredelemnul
Zin
The Shining One

Shops:
D:1 (

Annotations:
D:7 1 runed translucent door, Crazy Yiuf
D:8 death knight!
D:9 1 runed translucent door
D:10 dig vault
D:11 emp scorp!


Innate Abilities, Weirdness & Mutations

You are too large for most types of armour.
You have tough skin. (AC +1)


Message History

The orc priest blinks!
The orc blinks!
The orc hits you with a +2 hand axe of electrocution.
* * * LOW HITPOINT WARNING * * *
The orc priest hits you but does no damage.
The orc hits you with a +0 whip.
* * * LOW HITPOINT WARNING * * *
The orc priest looks encouraged for a moment.
Blink to where?
Press: ? - help, Dir - move target
As you read the scroll of blinking, it crumbles to dust.
The orc warrior hits you from afar with a +0 halberd!
* * * LOW HITPOINT WARNING * * *
Casting: Lesser Beckoning (mildly dangerous; 3% risk of failure)
Confirm with . or Enter, or press ? or * to list all spells.
Aiming: Lesser Beckoning (mildly dangerous; 3% risk of failure)
Press: ? - help, Shift-Dir - straight line, f - orc warrior
Aim: an orc warrior, wielding a +0 halberd and wearing a +0 plate armour (0% to evade)
The orc warrior hurls suddenly forward!
The orc knight roars a battlecry!
The orcs go into a battle-frenzy!
The orc warrior hits you with a +0 halberd!
* * * LOW HITPOINT WARNING * * *
Blink to where?
Press: ? - help, Dir - move target, p - orc warrior
As you read the scroll of blinking, it crumbles to dust.
The orc warrior hits you with a +0 halberd!
* * * LOW HITPOINT WARNING * * *
The orc warrior hits you with a +0 flail.
* * * LOW HITPOINT WARNING * * *
You climb upwards.
There is a stone staircase leading down here.
Unknown command.
Unknown command.
You sock the orc!
You kill the orc!
The orc warrior hits you with a +0 halberd!
* * * LOW HITPOINT WARNING * * *
The orc warrior hits you with a +0 flail!
You die...
Your body disappears without a glow.

### ### ### #.# ##o##
#.## ##.## #.@)####..##
###...###.o..##....#
##......#..........####
#.......#........#....##
#...###....#....##.....#
#....#...........#....##
###.........<#.......##
##...##....###....##
##..####..# ##..##


You could see 2 orc warriors.

Vanquished Creatures
  Harold (D:7)
  A boulder beetle (D:11)
  3 two-headed ogres
  A death yak (D:11)
  Pikel (D:7)
  An ugly thing (D:11)
  A cyclops (D:11)
  Maggie (D:6)
  A kobold demonologist (D:11)
  4 trolls
  A meliai (D:7)
  A hornet (D:7)
  Grinder (D:6)
  5 yaks (D:10)
  2 vampires (D:11)
  A wyvern (D:9)
  A steam dragon (D:8)
  A wraith (D:11)
  A vampire mosquito (D:11)
  Edmund (D:4)
  An acid dragon (D:10)
  A water moccasin (D:8)
  3 ice beasts
  13 orc warriors
  Duvessa (D:7)
  3 black bears
  3 ogres
  15 centaurs
  A lemure (D:7)
  2 phantoms (D:5)
  A kobold brigand (D:9)
  2 bullfrogs
  A gnoll sergeant (D:7)
  Dowan (D:7)
  A water moccasin zombie (D:6)
  3 killer bees (D:8)
  A water moccasin skeleton (D:3)
  8 wights (D:9)
  6 centaur zombies
  8 jellies
  A bullfrog skeleton (D:7)
  3 centaur skeletons
  7 orc priests
  A gnoll shaman (D:8)
  A hound (D:4)
  4 iguanas
  11 orc wizards
  3 killer bee zombies
  5 gnolls (D:7)
  9 adders
  A howler monkey skeleton (D:4)
  2 white imps
  An ufetubus (D:4)
  2 worms (D:2)
  4 dart slugs
  51 orcs
  5 endoplasms
  4 giant cockroaches
  11 goblins
  3 hobgoblins (D:1)
  6 jackals
  13 kobolds
  A quokka (D:2)
  7 ball pythons
  5 bats
  A frilled lizard (D:1)
  6 rats
273 creatures vanquished.

Vanquished Creatures (collateral kills)
  A green draconian (D:11)
  2 death yaks (D:11)
3 creatures vanquished.

Vanquished Creatures (others)
  4 fungi (D:7)
  2 plants (D:1)
6 creatures vanquished.

Grand Total: 282 creatures vanquished

Notes
Turn   | Place    | Note
-------+----------+-------------------------------------------
     0 | D:1      | tilp the Ogre Warper began the quest for the Orb.
     0 | D:1      | Reached XP level 1. HP: 22/22 MP: 3/3
   350 | D:1      | Reached XP level 2. HP: 27/31 MP: 5/5
   353 | D:1      | Learned a level 2 spell: Blink
   562 | D:1      | Found Yvaafan's Antique Weapon Shoppe.
  1498 | D:2      | Reached XP level 3. HP: 40/40 MP: 6/6
  1663 | D:1      | Bought a glowing mace for 120 gold pieces
  1937 | D:2      | Reached skill level 5 in Fighting
  2084 | D:2      | Reached XP level 4. HP: 47/50 MP: 7/7
  2387 | D:3      | Reached skill level 2 in Maces & Flails
  2436 | D:3      | Reached XP level 5. HP: 55/59 MP: 8/8
  2482 | D:3      | Reached skill level 1 in Stealth
  3637 | D:4      | Noticed Edmund
  3647 | D:4      | Killed Edmund
  3648 | D:4      | Reached skill level 3 in Maces & Flails
  3648 | D:4      | Reached XP level 6. HP: 46/67 MP: 9/9
  3826 | D:4      | Reached skill level 4 in Maces & Flails
  4165 | D:4      | Noticed a black bear
  4169 | D:4      | Killed a black bear
  4170 | D:4      | Reached XP level 7. HP: 75/75 MP: 10/12
  4260 | D:4      | Found a staircase to the Ecumenical Temple.
  4268 | Temple   | Entered the Ecumenical Temple
  4425 | Temple   | Became a worshipper of Nemelex Xobeh the Trickster
  4635 | D:4      | Identified the +3 rapier of Twilight {venom, Will++ Str-4
                  | Int+3}
  4656 | D:5      | Entered Level 5 of the Dungeon
  4974 | D:5      | Reached skill level 5 in Translocations
  4992 | D:5      | Reached XP level 8. HP: 20/83 MP: 14/14
  5000 | D:5      | HP: 6/124 [orc priest/divine providence (11)]
  5925 | D:5      | Learned a level 3 spell: Lesser Beckoning
  5929 | D:5      | Learned a level 3 spell: Teleport Other
  6039 | D:5      | Reached * piety under Nemelex Xobeh
  6343 | D:6      | Received a gift from Nemelex Xobeh
  6425 | D:6      | Noticed Maggie
  6435 | D:6      | Killed Maggie
  6436 | D:6      | Reached skill level 5 in Maces & Flails
  6793 | D:6      | Reached XP level 9. HP: 89/94 MP: 15/15
  6961 | D:6      | Found a glowing golden altar of the Shining One.
  7026 | D:6      | Noticed Grinder
  7456 | D:6      | Paralysed by Grinder for 3 turns
  7460 | D:6      | Killed Grinder
  7461 | D:6      | Reached skill level 6 in Maces & Flails
  7461 | D:6      | Reached skill level 1 in Invocations
  7603 | D:6      | Reached skill level 1 in Evocations
  7888 | D:7      | Noticed Duvessa
  8191 | D:7      | Received a gift from Nemelex Xobeh
  8191 | D:7      | Noticed a hornet
  8194 | D:7      | Noticed Pikel
  8220 | D:7      | Killed Pikel
  8548 | D:7      | Noticed Joseph
  8557 | D:7      | Noticed a meliai
  8557 | D:7      | a steam dragon changed into a meliai
  8557 | D:7      | Noticed Joseph
  8557 | D:7      | Joseph changed into Joseph the black bear
  8561 | D:7      | Killed a meliai
  8566 | D:7      | Killed Joseph the black bear
  8812 | D:7      | Paralysed by a hornet for 1 turns
  8815 | D:7      | Killed a hornet
  8816 | D:7      | Reached XP level 10. HP: 7/106 MP: 16/16
  9434 | D:7      | Noticed Harold
  9448 | D:6      | Reached skill level 7 in Maces & Flails
  9750 | D:7      | Killed Harold
  9957 | D:7      | Noticed Dowan
  9960 | D:7      | Killed Duvessa
  9969 | D:7      | Killed Dowan
 10287 | D:7      | Found a runed translucent door.
 10288 | D:7      | Noticed Crazy Yiuf
 10427 | D:7      | Reached skill level 8 in Maces & Flails
 11097 | D:8      | Reached ** piety under Nemelex Xobeh
 11128 | D:8      | Noticed a death knight
 11143 | D:8      | Found an opulent altar of Gozag.
 11531 | D:8      | Reached skill level 10 in Fighting
 12242 | D:8      | Reached skill level 9 in Maces & Flails
 13340 | D:9      | Found a glowing silver altar of Zin.
 13340 | D:9      | Found a runed translucent door.
 13340 | D:9      | Noticed an angel
 13709 | D:9      | Found a staircase to the Orcish Mines.
 13795 | D:9      | Reached XP level 11. HP: 94/102 MP: 17/17
 14047 | D:10     | Entered Level 10 of the Dungeon
 14049 | D:10     | Reached *** piety under Nemelex Xobeh
 14092 | D:10     | Reached skill level 10 in Maces & Flails
 14749 | D:10     | Noticed Nergalle
 14754 | D:10     | Noticed Nergalle
 14754 | D:10     | Nergalle changed into Nergalle the two-headed ogre
 14760 | D:10     | Killed Nergalle the two-headed ogre
 14908 | D:10     | Reached skill level 11 in Maces & Flails
 15394 | D:10     | Found a sacrificial altar of Ru.
 15467 | D:10     | Received a gift from Nemelex Xobeh
 15710 | D:11     | Found a flagged portal.
 15720 | Bailey   | Entered a bailey
 17872 | D:11     | Reached skill level 12 in Maces & Flails
 17949 | D:11     | Noticed a two-headed ogre
 17956 | D:11     | Killed a two-headed ogre
 18044 | D:11     | Received a gift from Nemelex Xobeh
 18113 | D:11     | Noticed a boulder beetle
 18564 | D:11     | Noticed a two-headed ogre
 18598 | D:11     | Noticed a boulder beetle
 18970 | D:10     | Killed a two-headed ogre
 19240 | D:11     | Reached XP level 12. HP: 130/130 MP: 18/18
 19261 | D:11     | Noticed a death yak
 19346 | D:11     | Killed a boulder beetle
 19560 | D:11     | Noticed a death yak
 19580 | D:11     | Killed a death yak
 19580 | D:11     | Noticed a death yak
 19758 | D:11     | Noticed a death yak
 19758 | D:11     | Noticed a death yak
 19767 | D:11     | Noticed an emperor scorpion
 19767 | D:11     | a death yak changed into an emperor scorpion
 19767 | D:11     | Noticed a green draconian
 19767 | D:11     | a death yak changed into a green draconian
 19789 | D:11     | Killed a death yak
 19815 | D:11     | Killed a death yak
 19816 | D:11     | Reached skill level 13 in Maces & Flails
 19830 | D:11     | Killed a green draconian
 20440 | Orc:1    | Entered Level 1 of the Orcish Mines
 20490 | Orc:2    | Entered Level 2 of the Orcish Mines
 20514 | Orc:1    | Slain by an orc warrior

Illustrated notes

Levels and vault maps discovered:
D:1:      mrwooster_arrival_arrow, layout_loops_ring, serial_forest,
          infiniplex_forest_clump_curved, infiniplex_forest_corner_1,
          infiniplex_forest_lined_room_2, infiniplex_forest_clump_diagonal,
          infiniplex_forest_clump_small, infiniplex_forest_clump_tiny,
          infiniplex_forest_end_2, infiniplex_forest_straight_2, serial_shops,
          shop, minmay_pentomino_r2
D:2:      layout_loops_cross
D:3:      layout_loops_ring, kennysheep_small_spiral,
          chequers_serial_rivers_micro_e
D:4:      minmay_chambers_of_threes, layout_basic,
          minmay_temple_entry_drinking_statues, minmay_crystal_room, uniq_edmund
D:5:      layout_gridville, minmay_misc_feat_rows, guppyfry_early_orc_mine
D:6:      layout_layer_cave, tso_altar, uniq_maggie, uniq_grinder
D:7:      layout_loops_ring, uniq_pikel, uniq_duvessa, uniq_harold,
          uniq_crazy_yiuf_cottage, uniq_joseph
D:8:      layout_loops_corners, general_overflow_altar, minmay_manual_monolith
D:9:      layout_irregular_city, lemuel_angel_altar
D:10:     layout_basic, serial_glass, glass_columns_a, glass_columns_a,
          due_unseen_surprise, minmay_strange_pillars, feat_on_display,
          nicolae_ru_awakened_eye, uniq_nergalle
D:11:     minmay_opposing_rooms, layout_loops_corners, dpeg_lair_monsters,
          enter_bailey_8
Temple:   kilobyte_greek_temple
Orc:1:    layout_diamond_mine, serial_shops, shop, nicolae_orc_bridge_out
Orc:2:    st_orc_open, layout_caves

Skill      XL: |  1  2  3  4  5  6  7  8  9 10 11 12 |
---------------+-------------------------------------+-----
Fighting       | 3 4 5 6 7 8 10 11 12 | 12.0
Maces & Flails | 2 3 4 5 6 9 12 13 | 13.5
Stealth        | 2 |  2.0
Translocations | 3 5 6 |  6.0
Spellcasting   | 3 4 |  4.0
Dodging        | 3 4 |  4.0
Invocations    | 4 |  4.0
Evocations     | 4 |  4.0
Throwing       | |  1.0

Action                   |  1- 3 |  4- 6 |  7- 9 | 10-12 || total
-------------------------+-------+-------+-------+-------++-------
Melee: Mace              |    87 |    73 |    79 |       ||   239
       Flail             |       |       |   153 |   598 ||   751
Throw: Stone             |    85 |       |       |    14 ||    99
       Boomerang         |     1 |    16 |    65 |    69 ||   151
 Cast: Lesser Beckoning  |       |       |     3 |    42 ||    45
       Blink             |       |       |     1 |     9 ||    10
       Teleport Other    |       |       |       |     3 ||     3
Invok: Draw Destruction  |       |       |     3 |    16 ||    19
       Draw Escape       |       |       |       |     2 ||     2
       Draw Summoning    |       |       |       |     6 ||     6
Evoke: Wand              |       |       |     1 |     3 ||     4
  Use: Scroll            |     1 |     2 |     7 |     6 ||    16
       Potion            |       |       |     4 |     1 ||     5
 Stab: Sleeping          |       |     3 |       |     2 ||     5
Armor: Robe              |    33 |    25 |     3 |       ||    61
       Skin              |       |       |    28 |       ||    28
       Steam dragon scal |       |       |    40 |   263 ||   303
Dodge: Dodged            |    53 |    30 |   149 |   329 ||   561

Table legend: (Time is in decaauts)
 A = Elapsed time spent in this place.
 B = Non-inter-level travel time spent in this place.
 C = Inter-level travel time spent in this place.
 D = Time resting spent in this place.
 E = Time spent auto-exploring this place.
 F = Levels seen in this place.
 G = Mean time per level.
                   A        B        C        D        E       F      G
               +--------+--------+--------+--------+--------+-----+--------+
         Total |  20614 |  19828 |    786 |   7255 |   9630 |  15 | 1374.3 |
       Dungeon |  18306 |  17569 |    737 |   6282 |   8972 |  11 | 1664.2 |
        Temple |    195 |    157 |     38 |      0 |    155 |   1 |  195.0 |
  Orcish Mines |     71 |     60 |     11 |      0 |     37 |   2 |   35.5 |
        Bailey |   2040 |   2040 |      0 |    972 |    466 |   1 | 2040.0 |
               +--------+--------+--------+--------+--------+-----+--------+

Top non-repeatable levels by time:
     D:7: 2861 daAuts
    D:10: 2231 daAuts
  Bailey: 2040 daAuts
     D:6: 1854 daAuts
     D:9: 1789 daAuts
     D:5: 1749 daAuts
    D:11: 1723 daAuts
     D:1: 1605 daAuts
     D:8: 1579 daAuts
     D:3: 1202 daAuts
     D:4: 901 daAuts
     D:2: 807 daAuts
  Temple: 195 daAuts
   Orc:1: 51 daAuts
   Orc:2: 20 daAuts
